AoeStats
← Cheeselife11

Arena

505807296Analyzed
1v1 RM · 21d ago on Sep 11, 2026· 33m 19s· 2 players
Game mode
Random Map
Map size
Tiny (2 player)
Population
200
Speed
Normal
Resources
Standard
Victory
Conquest
Starting age
Dark Age
Ending age
Imperial Age
RankedLock teamsTeams togetherTeam positionsShared explorationLock speedFull tech treeHidden civsTurbo modeCheats
Victory
Defeat
🇲🇽 Goths · Mexico
1276
+17
🇺🇸 Ethiopians · United States
1307
-17
[COBRA]HECTTOR
0:26 Loom
9:13 Feudal Age
10:31 Double-Bit Axe
10:30 Horse Collar
12:12 Fletching
22:07 Castle Age
21:32 Gold Mining
21:32 Stone Mining
23:06 Bow Saw
23:07 Padded Archer Armor
25:39 Forging
28:23 Scale Mail Armor
28:59 Iron Casting
30:11 Chain Mail Armor
Cheeselife11
11:11 Feudal Age
10:48 Loom
17:16 Castle Age
16:41 Double-Bit Axe
16:40 Horse Collar
16:55 Fletching
18:17 Bodkin Arrow
19:38 Bow Saw
21:34 Stone Mining
27:02 Wheelbarrow
26:47 Squires
Connection lost

Rejoining the realm…

Still unreachable

The connection could not be restored.

Session expired

The server has moved on; the page needs a fresh start.